 Dungeon Sprint DCSS version 0.18.1-50-g88ac8fd (webtiles) character file.

1207 lorenzova the Protected (level 8, -2/82 HPs)
             Began as a Minotaur Fighter on Oct 15, 2016.
             Was a Follower of Qazlal.
             Slain by a centaur warrior
             ... wielding a +0 long sword
              (13 damage)
             ... in the Dungeon (Sprint I: "Red Sonja").
             The game lasted 00:02:46 (1155 turns).

lorenzova the Protected (Minotaur Fighter)          Turns: 1155, Time: 00:02:46

Health: -2/82      AC:  9    Str: 22    XL:     8   Next: 21%
Magic:  7/7        EV:  9    Int:  5    God:    Qazlal [*.....]
Gold:   405        SH: 14    Dex: 11    Spells: 0 memorised, 7 levels left

rFire  . . .     SeeInvis .     a - +0 war axe
rCold  . . .     Gourm    .     b - +0 scale mail
rNeg   . . .     Faith    .     c - +0 shield
rPois  .         Spirit   .     (helmet restricted)
rElec  .         Dismiss  .     (no cloak)
rCorr  .         Reflect  .     (no gloves)
SustAt .         Harm     .     (no boots)
MR     .....     NoTele   +     (no amulet)
Stlth  ..........               (no ring)
                                (no ring)

@: not resistant to hostile enchantments, extremely unstealthy
A: retaliatory headbutt, horns 2
a: Renounce Religion


You were in the Dungeon.
You worshipped Qazlal.
Qazlal was aware of your devotion.
You were near starving.

You visited 1 branch You collected 405 gold pieces.

Inventory:

Hand Weapons
 a - a +0 war axe (weapon)
Armour
 b - a +0 scale mail (worn)
 c - a +0 shield (worn)
Wands
 l - a wand of flame (24/48)
Scrolls
 k - a scroll of blinking
Potions
 e - a potion of curing
 g - a potion of heal wounds
 i - 2 potions of magic
Comestibles
 f - a bread ration
 m - a meat ration


   Skills:
 + Level 11.3 Fighting
 + Level 11.0 Axes
 + Level 11.3 Armour
 + Level 11.3 Shields


You had 7 spell levels left.
You didn't know any spells.

Dungeon Overview and Level Annotations

Branches:
Dungeon (1/1)

Altars:
Cheibriados
Dithmenos
Elyvilon
Fedhas
Gozag
Kikubaaqudgha
Makhleb
Nemelex Xobeh
Okawaru
Pakellas
Qazlal
Ru
Sif Muna
Trog
Vehumet
Xom
Yredelemnul
Zin
The Shining One
Jiyva

Shops:
D =


Innate Abilities, Weirdness & Mutations

You reflexively headbutt those who attack you in melee.
You have a pair of horns on your head.


Message History

Items here: $ (( )) [ † The centaur warrior shoots an arrow.
You block the arrow.
Things that are here:
an arrow; 2 curare-tipped needles The centaur warrior drinks a potion.
The centaur warrior flickers and vanishes!
Deactivating autopickup; reactivate with Ctrl-A.
You hear a twanging sound.
An arrow appears from out of thin air!
You block the arrow.
There is an open door, spattered with blood here.
Items here: $ (( )) [ † Something hits you but does no damage.
There is a snail-covered altar of Cheibriados here.
You hit something but do no damage. You headbutt something. Something hits you!
You closely miss something. Something hits you. x2
* * * LOW HITPOINT WARNING * * *
You closely miss something. Something hits you!
* * * LOW HITPOINT WARNING * * *
You hit something. Something hits you!
You die...

######################
#<.#..').#..'..#__#(.+
#..'..#..').#..{..((.#
#..#####'#####'#@_####
#..####..#...#(####§(#
#..#__####..##.#§§§§c#
#..#_.___##'#..c§§≈§§
#⌠⌠#_.∩..†'..K§#≈§≈§c#
####_..._##_.#'##+####
#_____###'#)# #######
###


There were no monsters in sight!

Vanquished Creatures
  Sonja (D)
  A slime creature (D)
  Sigmund (D)
  A yak (D)
  An ogre (D)
  A jelly (D)
  Ijyb (D)
7 creatures vanquished.

Vanquished Creatures (others)
  A gargoyle (D)
  3 ballistomycetes (D)
  2 giant spores (D)
6 creatures vanquished.

Grand Total: 13 creatures vanquished

Notes
Turn   | Place    | Note
--------------------------------------------------------------
     0 | D        | lorenzova the Minotaur Fighter began the quest for the Orb.
     0 | D        | Reached XP level 1. HP: 19/19 MP: 0/0
     1 | D        | Noticed Ijyb
    15 | D        | Killed Ijyb
    15 | D        | Reached skill level 5 in Fighting
    15 | D        | Reached skill level 5 in Armour
    15 | D        | Reached skill level 5 in Shields
    15 | D        | Reached XP level 2. HP: 23/29 MP: 1/1
    81 | D        | Noticed an ogre
    92 | D        | Killed an ogre
    92 | D        | Reached skill level 5 in Axes
    92 | D        | Reached XP level 3. HP: 3/38 MP: 2/2
    92 | D        | Reached XP level 4. HP: 3/45 MP: 3/3
   376 | D        | Noticed Sigmund
   386 | D        | Killed Sigmund
   386 | D        | Reached XP level 5. HP: 19/53 MP: 4/4
   587 | D        | Found a deep blue altar of Sif Muna.
   589 | D        | Found a radiant altar of Vehumet.
   591 | D        | Reached XP level 6. HP: 51/62 MP: 5/5
   619 | D        | Found Yrhenuel's Jewellery Emporium.
   619 | D        | Found a white marble altar of Elyvilon.
   619 | D        | Found a stormy altar of Qazlal.
   619 | D        | Found a burning altar of Makhleb.
   619 | D        | Found a sacrificial altar of Ru.
   619 | D        | Found an oddly glowing altar of Pakellas.
   619 | D        | Found a basalt altar of Yredelemnul.
   619 | D        | Found a glowing golden altar of the Shining One.
   619 | D        | Found a sparkling altar of Nemelex Xobeh.
   619 | D        | Found a shimmering altar of Xom.
   619 | D        | Found an opulent altar of Gozag.
   619 | D        | Found an ancient bone altar of Kikubaaqudgha.
   619 | D        | Found a glowing silver altar of Zin.
   619 | D        | Noticed a yak
   622 | D        | Found an iron altar of Okawaru.
   623 | D        | Found a bloodstained altar of Trog.
   625 | D        | Became a worshipper of Qazlal Stormbringer
   632 | D        | Killed a yak
   737 | D        | Killed a gargoyle
   779 | D        | Noticed a centaur warrior
   779 | D        | Noticed a centaur warrior
   784 | D        | Found a snail-covered altar of Cheibriados.
   784 | D        | Found a viscous altar of Jiyva.
   784 | D        | Found a shadowy altar of Dithmenos.
   784 | D        | Found a blossoming altar of Fedhas.
   784 | D        | Noticed a slime creature
   789 | D        | Killed a slime creature
   789 | D        | Reached skill level 10 in Fighting
   789 | D        | Reached skill level 10 in Armour
   789 | D        | Reached skill level 10 in Shields
   789 | D        | Reached XP level 7. HP: 41/72 MP: 6/6
  1036 | D        | Noticed Sonja
  1056 | D        | Killed Sonja
  1056 | D        | Reached * piety under Qazlal
  1056 | D        | Reached XP level 8. HP: 27/82 MP: 7/7
  1155 | D        | Slain by a centaur warrior

Skill      XL: |  1  2  3  4  5  6  7 |
---------------+----------------------+-----
Fighting       | 5 6 8 10 11 | 11.3
Axes           | 4 5 7 8 9 11 | 11.0
Armour         | 5 6 8 10 11 | 11.3
Shields        | 5 6 8 10 11 | 11.3

Action                   |  1- 3 |  4- 6 |  7- 9 || total
-------------------------+-------+-------+-------++-------
Melee: War axe           |    23 |    21 |    16 ||    60
       Headbutt          |     1 |     3 |     1 ||     5
  Use: Potion            |       |       |     3 ||     3
Armor: Scale mail        |     6 |     4 |    17 ||    27
Dodge: Dodged            |     5 |     3 |    13 ||    21
Block: Shield            |    11 |     4 |    24 ||    39
